 Dungeon Crawl Stone Soup version 0.27.0-1-g7a089689b8 (webtiles) character file.

Game seed: 18304054364263458757

189 dolemite99 the Chiller (level 5, -2/35 HPs)
             Began as a Demonspawn Ice Elementalist on Aug 7, 2021.
             Slain by a phantom (6 damage)
             ... on level 4 of the Dungeon.
             The game lasted 00:08:05 (5662 turns).

dolemite99 the Chiller (DsIE)                       Turns: 5662, Time: 00:08:06

Health: -2/35      AC:  3    Str: 10    XL:     5   Next: 40%
Magic:  2/8        EV: 12    Int: 16    God:
Gold:   32         SH:  5    Dex: 13    Spells: 4/8 levels left

rFire    . . .     SeeInvis .   x - +1 dagger (drain)
rCold    . . .     Faith    .   (no shield)
rNeg     . . .     Spirit   .   a - +1 robe
rPois    +         Reflect  +   (helmet restricted)
rElec    .         Harm     .   (no cloak)
rCorr    .         Rampage  .   (no gloves)
Will     .....                  (no boots)
Stlth    ++........             z - amulet of reflection
HPRegen  0.11/turn              (no ring)
MPRegen  0.11/turn              (no ring)

@: no status effects
A: claws 1, horns 1, talons 1, demonic magic 1, poison resistance, subdued magic
1
a: no special abilities


You were on level 4 of the Dungeon.
You visited 1 branch of the dungeon, and saw 6 of its levels.

You collected 173 gold pieces.
You spent 141 gold pieces at shops.

Inventory:

Hand Weapons
 f - a +0 short sword
 g - a +0 dagger
 j - a +0 antimagic whip
 k - a +0 hand crossbow
 l - a +0 trident
 r - a +1 vorpal hand axe
 t - a +2 falchion of electrocution
 x - a +1 dagger of draining (weapon)
Missiles
 b - 20 sling bullets
 c - 80 stones
 e - 61 arrows
 h - 3 curare-tipped darts
 n - 12 bolts
 o - 8 atropa-tipped darts
 p - 4 poisoned darts (quivered)
 s - 10 boomerangs
Armour
 a - a +1 robe (worn)
Jewellery
 q - a +4 ring of evasion
 z - an amulet of reflection (around neck)
Wands
 d - a wand of iceblast (6)
Scrolls
 w - 2 scrolls of amnesia
 y - a scroll of fear {unknown}
Potions
 m - 2 potions of flight {unknown}
 u - a potion of resistance {unknown}
 v - a potion of curing {unknown}
 A - a potion of ambrosia {unknown}
 B - 3 potions of attraction


   Skills:
 - Level 1.7 Dodging
 - Level 1.7 Stealth
 - Level 2.0 Spellcasting
 + Level 6.1 Ice Magic


You had 4 spell levels left.
You knew the following spells:

 Your Spells              Type           Power      Damage    Failure   Level
a - Freeze                Ice            64%        1d8       1%          1
b - Frozen Ramparts       Ice            32%        1d5       3%          3

Your spell library contained the following spells:

 Spells                   Type           Power      Damage    Failure   Level
 Ozocubu's Armour         Ice            16%        N/A       3%          3
 Hailstorm                Conj/Ice       8%         3d4       45%         4


Dungeon Overview and Level Annotations

Branches:
Dungeon (6/15)
 Temple: D:4-7

Altars:

Shops:
D:1 =   D:4 *[*(

Annotations:
D:3 exclusion: downstairs


Innate Abilities, Weirdness & Mutations

You have sharp fingernails.
You have a pair of small horns on your head.
You have sharp toenails.
Spells you cast may paralyse adjacent enemies.
Your system is resistant to poisons. (rPois)
Your spells are a little easier to cast, but a little less powerful.


Message History

Casting: Frozen Ramparts (dangerous; 4% risk of failure)
Confirm with . or Enter, or press ? or * to list all spells.
Aiming: Freeze (safe; 1% risk of failure)
Press: ? - help, Shift-Dir - straight line, f - ogre
Aim: an ogre, wielding a +0 giant club (paralysed)
You freeze the ogre.
The ogre is lightly wounded.
Malevolent energies surge around you.
The wall freezes the ogre.
The phantom completely resists.
The wall freezes the phantom but does no damage.
Casting: Freeze (safe; 1% risk of failure)
Confirm with . or Enter, or press ? or * to list all spells.
Aiming: Freeze (safe; 1% risk of failure)
Press: ? - help, Shift-Dir - straight line, f/p - ogre
Aim: an ogre, wielding a +0 giant club (lightly wounded, paralysed)
You freeze the ogre.
The ogre is moderately wounded.
Malevolent energies surge around you.
The wall freezes the ogre.
The phantom completely resists.
The wall freezes the phantom but does no damage.
The phantom hits you.
* * * LOW HITPOINT WARNING * * *
Casting: Freeze (safe; 1% risk of failure)
Confirm with . or Enter, or press ? or * to list all spells.
Aiming: Freeze (safe; 1% risk of failure)
Press: ? - help, Shift-Dir - straight line, f/p - ogre
Aim: an ogre, wielding a +0 giant club (moderately wounded, paralysed)
You freeze the ogre.
The ogre is heavily wounded.
Malevolent energies surge around you.
The wall freezes the ogre.
The phantom completely resists.
The wall freezes the phantom but does no damage.
The phantom hits you.
* * * LOW HITPOINT WARNING * * *
The phantom blinks!
You blink.
The frozen ramparts melt away as you move.
It was a potion of mutation.
You feel extremely strange.
You feel resistant to poisons.
Your connection to magic feels subdued.
The ogre is no longer paralysed.
The phantom hits you.
You die...

.§.≈.≈§§§≈§§.##
§.≈...§§§.≈§..#
.≈.≈.§.≈§≈.§§.######## #
§...≈..§≈...#........# #
§§§≈.§§≈.≈.≈#........# #
..≈...≈...≈..........##### #
§≈.≈.§§§.§.≈..#####......###
#
§.§.§§..≈§§.#.....#.#.......
###
.≈.§§≈.§.§.≈....@W..O.......
..
..≈...≈..§§.####..#.#....#..
#. .≈.≈.≈.§§≈§## #..#.##+#.#
.####. .....§§##§..# #..#..
.# ......
............####..#### .
...... .......####.#......
..... .#####.# #.#.##.>#####
+##. .# #.# #...##....... ##
.###.# ##..##.##... ## ##


You could see a phantom and an ogre.

Vanquished Creatures
  A centaur skeleton (D:4)
  An iguana (D:4)
  A gnoll (D:1)
  An adder (D:3)
  A worm (D:2)
  A dart slug (D:3)
  13 orcs
  11 ball pythons
  8 endoplasms
  5 giant cockroaches
  8 goblins
  8 hobgoblins
  4 kobolds
  4 quokkas
  4 bats
  11 frilled lizards
  8 rats
90 creatures vanquished.

Vanquished Creatures (others)
  7 plants (D:3)
7 creatures vanquished.

Grand Total: 97 creatures vanquished

Notes
Turn   | Place    | Note
-------+----------+-------------------------------------------
     0 | D:1      | dolemite99 the Demonspawn Ice Elementalist began the quest
                  | for the Orb.
     0 | D:1      | Reached XP level 1. HP: 13/13 MP: 3/3
   479 | D:1      | Reached skill level 4 in Ice Magic
   766 | D:1      | Gained mutation: You have sharp fingernails. [demonic
                  | ancestry]
   766 | D:1      | Reached XP level 2. HP: 18/19 MP: 1/5
  1005 | D:1      | Found Lonany's Jewellery Emporium.
  1119 | D:1      | Gained mutation: You have a pair of small horns on your
                  | head. [demonic ancestry]
  1119 | D:1      | Reached XP level 3. HP: 9/24 MP: 0/6
  1427 | D:1      | Learned a level 3 spell: Frozen Ramparts
  2123 | D:2      | Reached skill level 5 in Ice Magic
  2532 | D:3      | Gained mutation: Spells you cast may paralyse adjacent
                  | enemies. [demonic ancestry]
  2532 | D:3      | Reached XP level 4. HP: 25/30 MP: 5/7
  3084 | D:3      | You fall into a shaft and drop 3 floors!
  3099 | D:5      | Entered Level 5 of the Dungeon
  3333 | D:4      | Noticed a scorpion
  3426 | D:4      | Noticed an ogre
  4472 | D:4      | Gained mutation: You have sharp toenails. [demonic
                  | ancestry]
  4472 | D:4      | Reached XP level 5. HP: 14/35 MP: 3/8
  4716 | D:4      | Reached skill level 6 in Ice Magic
  4820 | D:4      | Found Pomen's Assorted Antiques.
  4822 | D:4      | Found Dol Gupnaa's Antique Weapon Emporium.
  5161 | D:4      | Found Titwegia's Armour Emporium.
  5164 | D:4      | Bought a scroll labelled CEJURH ICLETT for 30 gold pieces
  5164 | D:4      | Bought a scroll labelled TYZAYGATEO for 30 gold pieces
  5164 | D:4      | Bought 2 amethyst potions for 54 gold pieces
  5164 | D:4      | Bought an amethyst potion for 27 gold pieces
  5167 | D:4      | Learned a level 1 spell: Freeze
  5481 | D:4      | Found Fubeex's General Store.
  5657 | D:4      | Noticed a phantom
  5662 | D:4      | Gained mutation: Your system is resistant to poisons.
                  | (rPois) [potion of mutation]
  5662 | D:4      | Gained mutation: Your spells are a little easier to cast,
                  | but a little less powerful. [potion of mutation]
  5662 | D:4      | Slain by a phantom

Illustrated notes

Levels and vault maps discovered:
D:1:      matt_arrival_diagonals, layout_basic, serial_shops,
          nicolae_lakefront_shop, minmay_lizard_pond
D:2:      layout_basic, lemuel_flame_loot_1
D:3:      layout_loops_ring, hangedman_decor_points, grunt_decor_mini_mirrors,
          guppyfry_early_lair_pool
D:4:      layout_basic, kennysheep_crisscross, minmay_shop_grid_forest
D:5:      layout_cave_pools, minmay_temple_entry_slanted, minivault_14
D:6:      kennysheep_spiral_hall, layout_basic, lemuel_crystal_altar,
          jmf_multi_god_temple2, nicolae_ossuary_entry_catacombs

Skill      XL: |  1  2  3  4  5 |
---------------+----------------+-----
Ice Magic      | 4 5 6 |  6.1
Dodging        | |  1.7
Stealth        | |  1.7
Spellcasting   | |  2.0

Action                   |  1- 3 |  4- 6 || total
-------------------------+-------+-------++-------
Melee: Short sword       |    12 |     3 ||    15
       Unarmed           |     1 |       ||     1
       Falchion          |       |    17 ||    17
       Headbutt          |       |     1 ||     1
       Kick              |       |     1 ||     1
Throw: Dart              |       |     1 ||     1
 Cast: Freeze            |    67 |    48 ||   115
       Frozen Ramparts   |       |     4 ||     4
  Use: Scroll            |       |     7 ||     7
       Potion            |       |     1 ||     1
 Stab: Sleeping          |     1 |     1 ||     2
       Paralysed         |       |     5 ||     5
Armor: Robe              |    11 |    10 ||    21
Dodge: Dodged            |    52 |    32 ||    84
       Rpst.: Falchion   |       |     3 ||     3
